 Dungeon Crawl Stone Soup version 0.30-b1-2-g02819fbbbe (webtiles) character file.

Game seed: 5198573702678373310

277 Mesmaeker13 the Firebug (level 6, -1/48 HPs)
             Began as an Armataur Fire Elementalist on June 4, 2023.
             Frozen to death by an endoplasm (5 damage)
             ... on level 4 of the Dungeon.
             The game lasted 00:06:07 (3335 turns).

Mesmaeker13 the Firebug (AtFE)                      Turns: 3335, Time: 00:06:08

Health: -1/48      AC:  4    Str: 20    XL:     6   Next: 4%
Magic:  1/11       EV:  9    Int: 17    God:
Gold:   219        SH:  0    Dex: 10    Spells: 8/11 levels left

rFire   . . .        g - +2 dagger (elec)
rCold   . . .        (no shield)
rNeg    . . .        a - +0 robe
rPois   .            (no helmet)
rElec   .            (no cloak)
rCorr   .            (no gloves)
SInv    .            (no barding)
Will    .....        (no amulet)
Stlth   ++           j - +6 ring of strength
HPRegen 0.28/turn    p - ring of wizardry
MPRegen 0.12/turn

%: roll, wizardry (x1)
@: no status effects
A: large, rugged brown scales 3, deformed body, armoured tail, roll, long
tongue, awkward tongue
a: no special abilities


You were on level 4 of the Dungeon.
You visited 1 branch of the dungeon, and saw 4 of its levels.

You collected 219 gold pieces.

Inventory:

Hand Weapons
 d - a +0 short sword
 g - a +2 dagger of electrocution (weapon)
Armour
 a - a +0 robe (worn)
 h - a +0 buckler
Jewellery
 j - a +6 ring of strength (left hand)
 p - a ring of wizardry (right hand)
 r - an amulet of the acrobat
Wands
 o - a wand of roots (2)
Scrolls
 e - a scroll of teleportation
 f - a scroll of fear {unknown}
 i - 2 scrolls of immolation
 n - a scroll of amnesia {unknown}
 s - a scroll of enchant weapon {unknown}
 t - a scroll of enchant armour {unknown}
 u - a scroll of magic mapping {unknown}
Potions
 b - a potion of magic
 c - a potion of heal wounds
 k - a potion of ambrosia
 m - a potion of degeneration {unknown}
 q - a potion of invisibility {unknown}


   Skills:
 - Level 1.4 Dodging
 - Level 2.2 Stealth
 + Level 3.3 Spellcasting
 + Level 3.2 Conjurations
 + Level 4.1 Fire Magic


You had 8 spell levels left.
You knew the following spells:

 Your Spells              Type           Power      Damage    Failure   Level
a - Foxfire               Conj/Fire      60%        2x1d7     1%          1
b - Scorch                Fire           32%        2d6       1%          2

Your spell library contained the following spells:

 Spells                   Type           Power      Damage    Failure   Level
 Inner Flame              Hex/Fire       9%         N/A       9%          3
 Volatile Blastmotes      Fire/Tloc      18%        2d11      9%          3
 Flame Wave               Conj/Fire      15%        2d7       16%         4


Dungeon Overview and Level Annotations

Branches:
Dungeon (4/15)
 Temple: D:4-7

Altars:
Okawaru


Innate Abilities, Weirdness & Mutations

You are completely covered in rugged brown scales. (AC +3, +7% HP)
Armour fits poorly on your strangely shaped body.
You have a long armoured tail.
You roll when moving toward enemies. (Rampage)
Your long tongue fully drains potion bottles. (2x potion effects)
Your tongue gives you trouble enunciating. (1.5x scroll delay)


Message History

Confirm with . or Enter, or press ? or * to list all spells.
You conjure some foxfire!
The iguana is no longer more vulnerable to fire.
The iguana bites you! The iguana barely misses you.
The foxfire hits the endoplasm.
The endoplasm is almost dead.
Unknown command.
Casting: Foxfire (safe; 1% risk of failure)
Confirm with . or Enter, or press ? or * to list all spells.
Flames lash the iguana.
The iguana is severely wounded.
The iguana's fire resistance burns away.
The iguana bites you!
Unknown command.
You hit the iguana.
The iguana is almost dead.
The iguana barely misses you. The endoplasm barely misses you.
You closely miss the iguana.
The iguana is almost dead.
The iguana bites you but does no damage.
The endoplasm hits you but does no damage.
You barely miss the iguana.
The iguana is almost dead.
The endoplasm freezes you.
You are frozen.
* * * LOW HITPOINT WARNING * * *
The iguana bites you!
* * * LOW HITPOINT WARNING * * *
You hit the iguana but do no damage.
The iguana is almost dead.
The iguana is no longer more vulnerable to fire.
The endoplasm hits you.
* * * LOW HITPOINT WARNING * * *
The iguana closely misses you.
Unknown command.
You hit the iguana. Lightning courses through the iguana!
You kill the iguana!
The endoplasm freezes you.
You are frozen.
You die...

###########...
#..o.[.......l
#o####†#######
#@# #J# [#. ##
##


You could see an endoplasm.

Vanquished Creatures
  An iguana (D:4)
  3 orc wizards (D:3)
  2 gnolls (D:3)
  5 adders
  2 worms (D:2)
  2 dart slugs (D:1)
  12 orcs
  7 ball pythons
  6 endoplasms
  16 giant cockroaches
  9 goblins
  9 hobgoblins
  4 jackals (D:1)
  8 kobolds
  4 quokkas
  7 bats
  5 frilled lizards
  8 rats
110 creatures vanquished.

Vanquished Creatures (others)
  200 foxfires
200 creatures vanquished.

Grand Total: 310 creatures vanquished

Notes
Turn   | Place    | Note
-------+----------+-------------------------------------------
     0 | D:1      | Mesmaeker13 the Armataur Fire Elementalist began the quest
                  | for the Orb.
     0 | D:1      | Reached XP level 1. HP: 14/14 MP: 3/3
    17 | D:1      | Reached skill level 1 in Conjurations
   197 | D:1      | Reached XP level 2. HP: 21/21 MP: 3/5
   314 | D:1      | Found a faded altar of an unknown god.
   347 | D:1      | Reached skill level 3 in Fire Magic
   567 | D:1      | Reached XP level 3. HP: 27/27 MP: 4/6
   986 | D:2      | Learned a level 2 spell: Scorch
  1360 | D:2      | Reached XP level 4. HP: 35/35 MP: 3/7
  2148 | D:3      | Reached XP level 5. HP: 40/40 MP: 7/9
  2878 | D:3      | Reached skill level 4 in Fire Magic
  3013 | D:3      | Reached XP level 6. HP: 38/48 MP: 4/11
  3074 | D:3      | Found an iron altar of Okawaru.
  3335 | D:4      | Frozen to death by an endoplasm

Illustrated notes

Levels and vault maps discovered:
D:1:      wander_arrival_peaceful_grave, layout_basic,
          ebering_ecumenical_altar_hall, minmay_tetromino_s2
D:2:      layout_basic, grunt_decor_resistance
D:3:      minmay_roachtagon, layout_basic, okawaru_altar_gauntlet_db,
          kennysheep_doodads
D:4:      layout_loops_ring, nzn_hepliaklqana_mist_gate, temple_green,
          cheibrodos_gnoll_hut

Skill      XL: |  1  2  3  4  5 |
---------------+----------------+-----
Conjurations   | 1 2 3 |  3.2
Spellcasting   | 2 3 |  3.3
Fire Magic     | 3 4 |  4.1
Dodging        | |  1.4
Stealth        | |  2.2

Action                     |  1- 3 |  4- 6 || total
---------------------------+-------+-------++-------
  Melee: Dagger            |    16 |    37 ||    53
         Short sword       |     2 |       ||     2
         Unarmed           |     1 |       ||     1
         Tailslap          |     2 |     3 ||     5
   Cast: Foxfire           |    59 |    58 ||   117
         Scorch            |     3 |    14 ||    17
  Evoke: Wand              |       |     8 ||     8
    Use: Scroll            |       |     4 ||     4
 Armour: Robe              |    11 |    37 ||    48
  Dodge: Dodged            |    20 |    46 ||    66
